Map: Caverne nascoste

Players

Archimonde - Winner!

  • Race: Zerg Zerg
  • League: Silver

oxygen - Winner!

  • Race: Terran Terran

PEPOJEREZ - Winner!

  • Race: Terran Terran

SLAVANB - Winner!

  • Race: Protoss Protoss

ICEMAN

  • Race: Terran Terran

Subjekt

  • Race: Zerg Zerg

Jhyrachy

  • Race: Zerg Zerg
  • League: Gold

Matej

  • Race: Protoss Protoss

VOD

Have the link to the VOD?

Description

Time

  • Played on: May 23, 2016, 5:50 p.m.
  • Length: 25:09
Show
View Real Time Build Order
Export as new Build Order

Archimonde Zerg - Winner!

Build Orders: Pool First 

Get SALT Encoding   

  12  0:02  Drone  
  13  0:08  Drone  
  14  0:28  Spawning Pool  
  14  0:31  Drone  
  14  0:39  Overlord  
  14  0:47  Overlord  
  14  0:56  Extractor  
  14  0:57  Drone x2  
  15  1:05  Drone  
  16  1:17  Roach Warren  
  15  1:18  Drone  
  16  1:28  Queen  
  16  1:32  Drone  
  19  1:41  Overlord  
  19  1:47  Drone  
  20  1:58  Roach  
  22  2:12  Roach  
  24  2:20  Roach  
  26  2:30  Roach  
  28  2:39  Roach x2  
  28  2:40  Roach  
  34  2:52  Drone  
  34  2:56  Extractor, Drone  
  34  2:57  Hatchery  
  34  3:18  Drone  
  34  3:19  Drone x2  
  37  3:22  Drone  
  38  3:29  Overlord  
  38  3:37  Lair  
  34  4:19  Drone x3  
  34  4:20  Drone x2  
  34  4:22  Queen  
  34  4:24  Drone x2  
  33  4:31  Drone  
  34  4:34  Drone  
  35  4:42  Spine Crawler  
  34  4:46  Spine Crawler  
  34  4:51  Spine Crawler  
  32  4:57  Drone x2, Spine Crawler  
  33  5:02  Extractor  
  33  5:04  Extractor, Drone  
  32  5:12  Spire, Drone  
  32  5:15  Drone x3  
  32  5:20  Drone  
  36  5:31  Drone  
  36  5:35  Drone x2  
  39  5:43  Drone  
  40  5:50  Drone x3  
  40  5:51  Drone  
  40  5:56  Drone x3  
  47  6:05  Overlord  
  47  6:11  Drone  
  47  6:13  Overlord  
  48  6:25  Zerg Flyer Weapons Level 1  
  48  6:27  Overlord x4  
  48  6:38  Mutalisk x2  
  48  6:39  Mutalisk  
  54  6:45  Mutalisk x2  
  58  6:53  Mutalisk  
  60  7:03  Mutalisk x2  
  60  7:07  Mutalisk  
  60  7:08  Mutalisk x2  
  70  7:17  Mutalisk x3  
  70  7:19  Mutalisk  
  78  7:37  Hatchery  
  78  7:38  Metabolic Boost  
  77  7:45  Mutalisk  
  53  9:24  Mutalisk  
  53  9:25  Mutalisk x6  
  53  9:26  Mutalisk x2  
  53  9:30  Mutalisk x3  
  71  9:34  Queen  
  71  9:36  Drone  
  71  9:37  Drone x2  
  76  9:39  Drone  
  77  9:51  Drone  
  77  9:52  Extractor  
  77  9:54  Extractor, Drone x3  
  79  10:08  Mutalisk x4  
  87  10:17  Infestation Pit  
  86  10:40  Drone x2  
  86  10:41  Drone  
  89  10:43  Zergling x2  
  89  10:44  Zergling x4  
  92  10:51  Mutalisk x5  
  92  10:53  Zergling x2  
  92  10:56  Zergling x2  
  104  11:00  Zergling x4  
  104  11:02  Overlord  
  104  11:03  Overlord  
  106  11:05  Overlord  
  106  11:09  Zerg Flyer Armor Level 1  
  106  11:11  Hive  
  106  11:18  Overlord x2  
  106  11:19  Overlord x2  
  107  11:25  Zergling x4  
  107  11:30  Mutalisk x3  
  114  11:33  Zergling x2  
  115  11:42  Zergling x2  
  115  11:43  Zergling x6  
  119  11:50  Zergling x4  
  121  11:55  Zergling x6  
  121  11:56  Zergling x2  
  125  12:09  Zergling x2  
  125  12:14  Mutalisk x4  
  134  12:19  Mutalisk x4  
  134  12:22  Zergling x4  
  132  12:34  Adrenal Glands  
  130  12:38  Zergling x2  
  130  12:41  Zergling x4  
  130  12:42  Zergling x6  
  136  12:49  Zergling x10  
  72  14:34  Mutalisk x5  
  72  14:35  Mutalisk  
  84  14:41  Mutalisk x2  
  84  14:42  Mutalisk x4  
  96  14:50  Mutalisk x3  
  96  14:51  Mutalisk  
  104  14:59  Mutalisk  
  104  15:01  Mutalisk x2  
  110  15:08  Mutalisk x2  
  110  15:09  Mutalisk  
  116  15:14  Zergling x2  
  116  15:15  Zergling x6  
  116  15:18  Zergling x4  
  108  16:06  Zergling x4  
  108  16:07  Zergling x8  
  108  16:09  Mutalisk x2  
  108  16:10  Mutalisk x4  
  126  16:14  Mutalisk  
  126  16:15  Mutalisk x3  
  126  16:16  Zergling x2  
  126  16:17  Zergling x4  
  137  16:39  Hatchery  
  136  17:16  Zergling x6  
  136  17:17  Zergling x2  
  136  17:20  Zergling x4  
  136  17:21  Zergling x6  
  145  17:25  Zergling x2  
  145  17:26  Zergling x8  
  150  17:46  Zergling x12  
  150  17:47  Extractor  
  150  17:49  Extractor  
  110  18:38  Zergling x8  
  110  18:39  Zergling x2  
  115  18:47  Zergling x12  
  121  18:50  Glial Reconstitution  
  121  18:53  Zergling x6  
  121  18:54  Zergling x4  
  90  20:13  Mutalisk x2  
  90  20:14  Mutalisk x3  
  74  20:31  Mutalisk x4  
  74  20:32  Mutalisk  
  84  20:36  Mutalisk x2  
  88  20:51  Mutalisk  
  88  20:52  Mutalisk x2  
  88  20:54  Mutalisk x2  
  98  20:58  Mutalisk  
  98  20:59  Mutalisk x2  
  106  21:18  Roach  
  106  21:19  Roach  
  106  21:23  Roach x4  
  114  21:28  Roach x3  
  120  21:34  Roach x5  
  120  21:35  Roach  
  118  22:51  Roach  
  118  22:52  Roach x5  
  118  22:54  Roach x3  
  118  22:55  Roach x2  
  140  23:06  Evolution Chamber  
  140  23:09  Evolution Chamber  
  130  23:33  Roach x6  
  142  23:50  Roach x5  
  130  24:08  Roach x6  
  142  24:11  Roach  
  142  24:12  Roach x4  
  152  24:18  Roach  
  152  24:19  Roach x2  
  168  25:07  Hatchery  
Show
View Real Time Build Order
Export as new Build Order

oxygen Terran - Winner!

Build Orders:  

Get SALT Encoding   

  12  0:01  SCV  
  13  0:14  SCV  
  14  0:19  Supply Depot  
  14  0:26  SCV  
  15  0:41  SCV  
  16  0:52  Refinery  
  16  0:53  Barracks, SCV  
  16  0:56  Refinery  
  17  1:06  SCV  
  18  1:20  Supply Depot  
  18  1:21  SCV  
  19  1:33  SCV  
  20  1:41  Factory  
  20  1:45  SCV  
  20  1:46  Barracks Reactor  
  21  1:56  Engineering Bay  
  21  1:57  SCV  
  22  2:08  Factory  
  22  2:09  SCV  
  24  2:31  Armory  
  24  2:33  Barracks Tech Lab  
  24  2:34  Widow Mine  
  24  2:35  Widow Mine  
  27  2:43  Supply Depot  
  27  3:02  Widow Mine  
  27  3:04  Widow Mine  
  31  3:27  Drilling Claws  
  31  3:31  Widow Mine  
  31  3:33  Widow Mine  
  35  3:51  Siege Tank  
  38  3:57  Orbital Command  
  38  4:01  Missile Turret  
  38  4:05  Supply Depot  
  38  4:26  Widow Mine  
  38  4:30  Widow Mine  
  38  4:31  Siege Tank  
  45  4:54  Widow Mine  
  47  5:07  Supply Depot  
  47  5:08  Supply Depot  
  47  5:28  Widow Mine x2  
  47  5:29  SCV  
  47  5:30  Command Center  
  52  5:41  SCV  
  53  5:54  Widow Mine  
  53  5:57  Widow Mine x2  
  55  5:59  Terran Vehicle And Ship Armor Level 1  
  55  6:00  SCV  
  60  6:12  SCV  
  61  6:22  Widow Mine  
  63  6:29  Hi-Sec Auto Tracking  
  63  6:31  Missile Turret x2  
  63  6:33  Missile Turret  
  63  6:40  Refinery  
  63  6:41  Widow Mine x2  
  63  6:42  SCV  
  63  6:44  Refinery  
  68  6:51  Widow Mine  
  70  7:02  Planetary Fortress  
  70  7:12  Missile Turret  
  70  7:13  Missile Turret  
  70  7:16  Missile Turret  
  70  7:19  Sensor Tower  
  70  7:23  Widow Mine  
  70  7:24  Widow Mine  
  74  7:31  Siege Tank  
  77  8:05  Supply Depot  
  77  8:06  Supply Depot  
  77  8:07  Terran Vehicle And Ship Armor Level 2  
  77  8:08  Supply Depot  
  77  8:09  Widow Mine x3  
  83  8:29  SCV  
  84  8:41  SCV  
  85  8:53  SCV  
  86  8:58  Missile Turret  
  86  9:00  Missile Turret x2  
  86  9:01  Missile Turret  
  86  9:04  Missile Turret  
  86  9:06  SCV  
  87  9:18  SCV  
  87  9:19  Missile Turret  
  87  9:22  Missile Turret x2  
  88  9:25  Widow Mine  
  88  9:28  Widow Mine  
  92  9:34  SCV  
  93  9:46  SCV  
  92  10:31  Missile Turret  
  92  10:34  Missile Turret  
  92  10:38  Missile Turret  
  92  10:41  Missile Turret  
  92  10:43  Missile Turret  
  92  11:07  Widow Mine  
  92  11:08  Widow Mine  
  96  11:25  Siege Tank  
  99  11:28  Terran Vehicle And Ship Armor Level 3  
  99  11:31  Building Armor  
  99  11:36  Widow Mine x2  
  103  11:57  Siege Tank  
  106  12:04  Widow Mine  
  108  12:26  Missile Turret  
  108  12:27  Missile Turret  
  108  12:32  Missile Turret  
  106  13:54  Missile Turret  
  106  14:02  Command Center  
  89  15:10  Command Center  
  87  15:33  Starport  
  87  15:35  Starport  
  87  15:38  Starport  
  87  15:39  Supply Depot  
  87  15:40  Supply Depot  
  87  15:42  Supply Depot  
  87  15:43  Supply Depot  
  87  15:44  Supply Depot  
  85  17:21  Starport Reactor  
  85  17:24  Planetary Fortress  
  85  17:26  Starport Reactor  
  85  17:30  Missile Turret x2, Starport Reactor  
  85  17:32  Missile Turret x2  
  85  17:33  Missile Turret  
  85  17:36  Missile Turret  
  85  17:39  Missile Turret  
  85  17:41  Missile Turret, Sensor Tower  
  84  18:18  Sensor Tower  
  84  18:30  Liberator x3  
  93  18:54  Missile Turret  
  93  18:55  Missile Turret  
  93  18:58  Missile Turret  
  93  18:59  Missile Turret x2  
  93  19:00  Missile Turret x2  
  93  19:13  Liberator x3  
  93  19:19  Sensor Tower  
  102  19:34  Supply Depot  
  102  19:36  Supply Depot  
  102  19:55  Liberator  
  102  19:56  Liberator x2  
  102  19:57  Supply Depot  
  102  19:59  Supply Depot  
  111  20:38  Liberator x3  
  102  21:04  Missile Turret  
  102  21:06  Missile Turret  
  102  21:07  Missile Turret  
  102  21:16  Missile Turret  
  102  21:21  Liberator x2  
  102  21:27  Liberator, Missile Turret  
  111  22:04  Liberator x2  
  105  22:10  Liberator  
  108  22:45  Missile Turret  
  108  22:47  Liberator x2  
  108  22:53  Liberator  
  114  23:26  Missile Turret  
  114  23:27  Missile Turret  
  114  23:29  Missile Turret  
  114  23:30  Liberator x2  
  114  23:31  Missile Turret  
  114  23:36  Liberator  
Show
View Real Time Build Order
Export as new Build Order

PEPOJEREZ Terran - Winner!

Build Orders:  

Get SALT Encoding   

  12  0:02  SCV  
  13  0:19  SCV  
  14  0:23  Supply Depot  
  14  0:31  SCV  
  15  0:44  SCV  
  15  0:45  Barracks  
  16  0:56  SCV  
  17  1:06  Barracks  
  17  1:08  SCV  
  18  1:20  SCV  
  18  1:25  Barracks  
  19  1:33  SCV  
  19  1:34  Marine, Supply Depot  
  21  1:45  Orbital Command  
  21  1:52  Marine  
  22  1:54  Marine  
  23  2:10  Marine  
  23  2:12  Marine x2  
  26  2:19  Refinery  
  26  2:22  Refinery  
  26  2:23  SCV  
  26  2:27  Marine  
  26  2:29  Marine  
  28  2:32  Supply Depot  
  28  2:35  SCV  
  28  2:36  Marine  
  31  2:53  Marine  
  31  2:54  SCV  
  31  2:55  Supply Depot  
  33  3:00  Marine x2  
  32  3:11  Marine  
  33  3:18  Marine x2  
  34  3:33  SCV  
  34  3:45  SCV  
  32  3:57  SCV  
  33  4:09  SCV  
  29  5:10  SCV  
  30  5:22  SCV  
  30  5:26  Factory  
  31  5:34  SCV  
  32  5:40  Command Center  
  32  5:46  SCV  
  33  5:59  SCV  
  33  6:03  Supply Depot  
  34  6:10  Factory Tech Lab  
  34  6:11  Starport, SCV  
  35  6:15  Starport  
  35  6:23  SCV  
  36  6:35  SCV  
  36  6:39  Factory Reactor  
  37  6:47  SCV  
  37  6:53  Orbital Command  
  38  6:55  Refinery  
  38  7:01  Refinery  
  38  7:06  Cloaking Field  
  38  7:09  Banshee  
  41  7:32  Viking x2  
  41  7:35  Factory Reactor  
  45  7:40  SCV x2  
  47  7:52  Banshee, SCV x2  
  52  8:02  Viking x2  
  52  8:04  SCV x2  
  58  8:17  SCV x2  
  60  8:29  SCV x2  
  60  8:32  Viking x2  
  66  8:35  Banshee  
  69  8:48  Supply Depot  
  69  8:54  Supply Depot  
  69  9:04  Factory  
  69  9:09  Viking x2  
  73  9:10  Supply Depot  
  73  9:13  Factory Tech Lab, Supply Depot  
  73  9:17  Supply Depot  
  73  9:41  Mag-Field Accelerator  
  73  9:44  Cyclone  
  77  9:48  Factory Tech Lab  
  77  9:50  Viking x2  
  81  10:10  Cyclone  
  85  10:16  Cyclone  
  89  10:29  Viking  
  89  10:30  Viking  
  89  10:33  Banshee  
  96  10:42  Cyclone  
  100  10:44  Supply Depot  
  100  10:48  Cyclone  
  104  11:14  Cyclone  
  108  11:20  Cyclone  
  112  11:36  Supply Depot  
  112  11:37  Viking  
  112  11:38  Viking x2  
  118  11:57  Viking  
  118  11:58  Cyclone  
  118  11:59  Supply Depot  
  124  12:07  Viking  
  126  12:11  Supply Depot  
  126  12:20  Cyclone  
  130  12:33  Supply Depot  
  130  12:56  Supply Depot  
  121  13:47  Viking x3  
  121  13:48  Viking  
  126  14:16  Cyclone x2  
  134  14:17  Viking x3  
  134  14:18  Viking  
  142  14:47  Viking x3  
  142  14:48  Viking  
  142  14:52  Refinery  
  150  15:17  Viking x2  
  136  16:08  Cyclone x2  
  144  16:21  Viking  
  146  16:40  Cyclone x2  
  146  16:44  Refinery  
  154  17:12  Cyclone  
  158  17:20  Orbital Command  
  158  17:23  Viking x4, Cyclone  
  170  17:44  Cyclone  
  174  17:53  Viking x3  
  174  17:55  Cyclone  
  184  18:16  Cyclone  
  184  18:27  Hellion  
  180  18:48  Cyclone x2  
  188  19:47  Cyclone  
  190  20:16  Cyclone  
  190  20:19  Cyclone  
  139  20:48  Cyclone  
  47  21:08  Cyclone  
  51  21:12  Viking x3  
  51  21:13  Viking  
  59  21:20  Cyclone  
  63  21:40  Cyclone  
  63  21:42  Viking x3  
  63  21:43  Viking  
  75  21:53  Cyclone  
  61  22:12  Viking x3, Cyclone  
  61  22:13  Viking  
  61  22:25  Cyclone  
  65  22:42  Viking x4  
  73  22:45  Cyclone  
  77  22:57  Cyclone  
  81  23:12  Viking x3  
  85  23:17  Cyclone  
  91  23:29  Cyclone  
  95  23:46  Viking x3  
  95  23:47  Viking  
Show
View Real Time Build Order
Export as new Build Order

SLAVANB Protoss - Winner!

Build Orders: Nexus First 

Get SALT Encoding   

  12  0:44  Probe (Chrono Boost)  
  13  0:54  Probe (Chrono Boost)  
  14  1:01  Nexus  
  14  1:04  Pylon  
  14  1:05  Probe (Chrono Boost)  
  15  1:13  Pylon  
  15  1:30  Gateway  
  15  1:35  Pylon  
  15  1:43  Forge  
  15  1:45  Probe (Chrono Boost)  
  16  1:56  Probe (Chrono Boost), Pylon  
  17  2:02  Assimilator  
  17  2:07  Assimilator  
  17  2:11  Probe (Chrono Boost)  
  18  2:21  Photon Cannon  
  18  2:28  Probe (Chrono Boost)  
  19  2:38  Cybernetics Core  
  19  2:44  Probe (Chrono Boost)  
  20  2:54  Probe (Chrono Boost)  
  20  2:55  Probe (Chrono Boost)  
  22  3:05  Probe x2 (Chrono Boost)  
  24  3:10  Photon Cannon  
  24  3:16  Probe (Chrono Boost)  
  25  3:22  Photon Cannon  
  25  3:31  Photon Cannon  
  25  3:35  Probe (Chrono Boost)  
  26  3:46  Mothership Core (Chrono Boost)  
  28  3:54  Stargate  
  28  4:00  Pylon  
  28  4:04  Probe (Chrono Boost)  
  29  4:15  Probe (Chrono Boost)  
  30  4:24  Stargate  
  30  4:26  Probe (Chrono Boost)  
  31  4:32  Probe (Chrono Boost)  
  31  4:36  Probe (Chrono Boost)  
  33  4:42  Probe (Chrono Boost)  
  34  4:47  Probe (Chrono Boost)  
  36  4:53  Probe (Chrono Boost)  
  36  5:03  Pylon  
  36  5:12  Void Ray x2  
  44  5:17  Protoss Air Weapons Level 1 (Chrono Boost)  
  44  5:20  Pylon  
  44  5:21  Assimilator  
  44  5:26  Photon Cannon  
  44  5:27  Assimilator, Probe (Chrono Boost)  
  45  5:34  Probe (Chrono Boost)  
  46  5:38  Probe (Chrono Boost)  
  47  5:45  Probe (Chrono Boost)  
  47  5:47  Cybernetics Core  
  47  5:48  Probe (Chrono Boost)  
  49  5:55  Probe (Chrono Boost)  
  50  5:59  Probe (Chrono Boost)  
  51  6:09  Probe (Chrono Boost), Photon Cannon  
  52  6:13  Nexus  
  52  6:15  Pylon  
  52  6:20  Probe (Chrono Boost)  
  53  6:27  Void Ray  
  53  6:30  Probe (Chrono Boost)  
  58  6:33  Void Ray  
  62  6:41  Probe (Chrono Boost)  
  62  6:42  Stargate  
  62  6:44  Pylon  
  63  6:48  Protoss Air Armor Level 1 (Chrono Boost)  
  63  7:10  Photon Cannon  
  63  7:13  Photon Cannon  
  63  7:16  Photon Cannon  
  63  7:20  Void Ray  
  63  7:21  Void Ray  
  71  7:29  Photon Cannon  
  71  7:34  Pylon  
  71  7:38  Probe  
  71  7:40  Assimilator  
  72  7:46  Assimilator  
  72  7:48  Probe  
  73  7:59  Probe  
  74  8:13  Pylon  
  74  8:26  Probe  
  74  8:33  Void Ray x2  
  74  8:34  Void Ray  
  87  8:37  Probe  
  87  8:40  Fleet Beacon  
  88  8:43  Stargate  
  88  8:46  Robotics Facility  
  88  8:48  Probe  
  88  8:49  Pylon  
  88  8:52  Pylon  
  89  8:58  Probe  
  90  9:09  Probe, Nexus  
  90  9:12  Photon Cannon  
  90  9:15  Photon Cannon  
  91  9:19  Probe  
  91  9:21  Photon Cannon  
  92  9:24  Pylon  
  92  9:28  Pylon  
  92  9:30  Probe  
  92  9:34  Observer  
  94  9:40  Probe  
  95  9:51  Probe  
  102  9:56  Observer, Photon Cannon  
  103  10:01  Probe  
  104  10:09  Protoss Air Armor Level 2 (Chrono Boost)  
  104  10:11  Protoss Air Weapons Level 2 (Chrono Boost)  
  104  10:12  Probe  
  105  10:20  Phoenix  
  107  10:22  Probe  
  108  10:55  Void Ray  
  108  10:56  Void Ray x3  
  124  11:34  Assimilator  
  124  11:38  Assimilator, Void Ray x2  
  124  11:39  Void Ray x2  
  140  11:58  Pylon  
  140  12:04  Pylon  
  140  12:08  Nexus  
  140  12:14  Protoss Air Armor Level 3 (Chrono Boost)  
  140  12:16  Protoss Air Weapons Level 3 (Chrono Boost)  
  140  12:22  Pylon  
  138  12:25  Pylon  
  138  12:40  Pylon  
  78  13:43  Phoenix x2  
  78  13:44  Phoenix x2  
  86  13:50  Stargate  
  86  13:54  Stargate  
  86  13:56  Stargate  
  86  13:58  Stargate  
  86  14:05  Probe  
  86  14:08  Phoenix x2  
  86  14:09  Phoenix x2  
  95  14:15  Probe  
  95  14:16  Photon Cannon  
  96  14:18  Photon Cannon  
  96  14:20  Photon Cannon  
  96  14:22  Pylon  
  96  14:26  Probe  
  96  14:27  Assimilator  
  97  14:33  Assimilator, Phoenix x2  
  97  14:36  Probe, Photon Cannon  
  102  14:38  Photon Cannon  
  102  14:42  Pylon  
  102  14:44  Pylon  
  102  14:47  Probe  
  102  14:56  Mothership Core  
  104  15:12  Phoenix x4  
  104  15:13  Phoenix x3  
  94  15:37  Phoenix x3  
  98  16:00  Phoenix x4  
  98  16:02  Phoenix x2  
  116  16:24  Void Ray x2  
  116  16:25  Void Ray x3  
  136  16:27  Void Ray  
  141  16:40  Observer  
  142  17:01  Observer  
  142  17:14  Void Ray  
  142  17:15  Void Ray x3  
  158  17:18  Void Ray  
  163  17:23  Observer  
  163  18:09  Void Ray x5  
  183  18:37  Void Ray  
  183  18:38  Void Ray  
  191  19:09  Void Ray x2  
  171  20:07  Void Ray x5  
  175  22:28  Void Ray  
  175  22:29  Void Ray x5  
Show
View Real Time Build Order
Export as new Build Order

ICEMAN Terran 

Build Orders:  

Get SALT Encoding   

  12  0:01  SCV  
  13  0:13  SCV  
  14  0:20  Supply Depot  
  14  0:25  SCV  
  15  0:34  Refinery  
  15  0:42  Refinery  
  15  0:52  Barracks  
  15  1:00  SCV  
  16  1:12  Barracks  
  16  1:15  SCV  
  17  1:31  Engineering Bay  
  17  1:34  SCV  
  18  1:43  Reaper  
  19  1:59  Reaper  
  20  2:06  Missile Turret  
  20  2:12  Hi-Sec Auto Tracking  
  20  2:16  Reaper  
  21  2:32  Missile Turret  
  19  3:34  Reaper x2  
  20  4:06  Reaper x2  
  20  4:07  Planetary Fortress  
  22  4:11  Command Center  
  22  4:17  Command Center  
  22  4:51  Reaper x2  
  22  4:52  SCV  
  22  5:04  SCV  
  22  5:12  Factory  
  22  5:17  SCV  
  23  5:24  Missile Turret  
  23  5:25  Missile Turret, Orbital Command  
  23  5:29  SCV  
  24  5:41  Barracks Tech Lab, Barracks Reactor, Factory, SCV  
  25  5:47  Orbital Command  
  25  6:03  Factory Tech Lab  
  25  6:10  SCV  
  26  6:17  Starport  
  26  6:20  Barracks  
  26  6:22  SCV  
  27  6:51  Siege Tank  
  30  6:58  Command Center  
  30  7:09  Barracks Reactor, Starport Reactor  
  30  7:13  Barracks  
  30  7:21  Missile Turret  
  30  7:22  Missile Turret  
  30  7:23  Missile Turret  
  30  7:28  Marine  
  30  7:29  Marine x2  
  33  7:31  Stimpack  
  33  7:45  Marine x2  
  33  7:50  Marine x3  
  38  8:08  Orbital Command  
  38  8:09  Barracks Reactor, Missile Turret x2  
  38  8:10  Marine  
  38  8:11  Marine x4  
  43  8:14  Medivac  
  43  8:16  Engineering Bay  
  45  8:28  Marine x2  
  45  8:29  Marine x3  
  45  8:33  SCV  
  49  8:45  SCV  
  49  8:46  Marine x3  
  53  8:54  Marine x4  
  57  8:56  Supply Depot  
  57  8:58  Terran Infantry Weapons Level 1, SCV  
  58  9:04  Terran Infantry Armor Level 1  
  58  9:10  Missile Turret x2  
  58  9:19  Orbital Command  
  58  9:29  Missile Turret  
  58  9:33  Missile Turret  
  58  9:40  Marine x5  
  58  9:43  Medivac  
  65  9:47  Supply Depot  
  65  9:50  Supply Depot  
  65  9:57  SCV  
  65  9:58  Refinery  
  66  10:01  Refinery  
  66  10:05  Missile Turret  
  66  10:09  Marine x3, SCV  
  70  10:21  SCV  
  70  10:24  Supply Depot  
  70  10:25  Armory  
  70  10:28  Medivac  
  73  10:30  Marine x3  
  76  10:39  SCV  
  76  10:51  SCV  
  77  11:03  SCV  
  78  11:17  SCV  
  79  11:29  SCV  
  79  11:30  Command Center  
  79  11:32  Building Armor  
  80  11:33  Marine  
  80  11:34  Marine x3  
  84  11:41  SCV  
  80  12:00  SCV  
  81  12:12  Command Center  
  81  12:32  SCV  
  83  12:44  SCV  
  83  12:45  Missile Turret  
  83  12:46  Missile Turret  
  74  12:56  SCV  
  26  13:42  Orbital Command  
  25  14:12  Barracks Reactor x2  
  25  14:52  Engineering Bay  
  25  15:18  Refinery  
  25  15:35  Planetary Fortress  
  25  15:46  Missile Turret  
  25  15:47  Missile Turret  
  25  15:58  Orbital Command  
  25  16:12  Marine x4  
  25  16:15  SCV  
  25  16:18  SCV  
  31  16:23  Barracks Reactor, Missile Turret  
  31  16:24  Missile Turret  
  31  16:27  SCV  
  31  16:30  SCV  
  33  16:36  Marine  
  34  16:42  SCV  
  35  16:48  Engineering Bay  
  35  16:54  SCV  
  36  17:06  SCV  
  37  17:18  SCV  
  37  17:19  SCV  
  37  17:22  Marine x4  
  43  17:30  SCV  
  43  17:31  SCV  
  45  17:42  Marine x5  
  45  17:43  Marine, SCV x2  
  53  18:06  Factory Tech Lab  
  53  18:13  SCV  
  53  18:14  Marine  
  53  18:16  SCV  
  47  18:25  SCV  
  44  18:28  SCV  
  43  18:36  Siege Tank  
  43  18:40  Marine x6  
  52  18:55  Armory  
  52  18:57  Marine  
  53  19:07  Missile Turret  
  53  19:08  Missile Turret  
  53  19:16  Supply Depot  
  53  19:18  Supply Depot  
  53  19:28  Marine x3  
  43  20:01  Missile Turret  
  43  20:02  Missile Turret  
  43  20:06  Missile Turret, Siege Tank  
  30  20:38  Marine x6  
  36  20:55  Missile Turret  
  36  20:58  Missile Turret  
  36  21:03  Missile Turret  
Show
View Real Time Build Order
Export as new Build Order

Subjekt Zerg 

Build Orders: Pool First, Lurkers 

Get SALT Encoding   

  12  0:03  Drone  
  13  0:22  Drone  
  13  0:24  Overlord  
  14  0:37  Overlord  
  14  0:45  Spawning Pool  
  14  0:47  Drone  
  14  0:53  Drone  
  15  1:00  Drone  
  16  1:07  Drone  
  17  1:26  Drone  
  18  1:33  Hatchery  
  18  1:37  Extractor  
  18  1:39  Extractor  
  15  1:40  Zergling x4  
  15  1:46  Queen  
  19  1:52  Drone  
  20  2:07  Drone  
  21  2:19  Drone  
  21  2:22  Drone  
  23  2:35  Drone  
  24  2:43  Drone  
  25  2:48  Drone  
  26  2:57  Drone x3  
  26  2:58  Drone  
  30  3:03  Drone  
  31  3:07  Lair  
  31  3:17  Drone  
  32  3:31  Extractor  
  32  3:32  Drone  
  32  3:33  Drone x4  
  36  3:41  Overlord  
  36  3:42  Overlord  
  36  3:43  Overlord  
  34  4:01  Zergling x2  
  30  4:08  Hydralisk Den  
  29  4:13  Zergling x6  
  32  4:20  Zergling x4  
  34  4:26  Drone x2  
  34  4:27  Queen  
  38  4:42  Drone  
  38  4:43  Drone  
  40  4:47  Lurker Den  
  40  4:55  Drone  
  40  4:59  Extractor  
  40  5:00  Drone x3  
  43  5:07  Drone  
  43  5:08  Drone x2  
  43  5:12  Hydralisk  
  48  5:16  Hydralisk  
  50  5:24  Drone x3  
  50  5:25  Drone  
  50  5:26  Hydralisk  
  56  5:34  Drone  
  57  5:37  Drone x2  
  57  5:38  Drone  
  60  5:45  Overlord x2  
  60  6:06  Hatchery  
  60  6:09  Spire  
  60  6:11  Drone  
  59  6:16  Overlord x2  
  59  6:17  Hydralisk x3  
  65  6:25  Muscular Augments  
  65  6:28  Lurker  
  65  6:31  Lurker  
  67  6:35  Hydralisk x2  
  67  6:36  Hydralisk x2  
  75  6:40  Overlord  
  75  6:55  Drone  
  75  6:57  Hatchery  
  75  7:01  Lurker  
  76  7:12  Lurker x2  
  76  7:13  Lurker x2  
  80  7:24  Drone x3  
  80  7:25  Drone  
  84  7:32  Extractor  
  84  7:35  Drone x2  
  84  7:36  Extractor  
  84  7:38  Overlord x2  
  84  7:39  Overlord  
  84  7:58  Overlord  
  84  7:59  Overlord x3  
  84  8:17  Infestation Pit  
  84  8:19  Hydralisk x3  
  79  8:20  Hydralisk x3  
  86  8:38  Hydralisk x2  
  80  8:59  Hydralisk x2  
  80  9:15  Mutalisk  
  74  9:17  Hydralisk  
  76  9:33  Hatchery  
  75  9:41  Drone x2  
  77  9:45  Lair  
  77  9:53  Hive  
  77  10:09  Drone x2  
  77  10:10  Drone  
  80  10:19  Drone  
  80  10:20  Drone x5  
  86  10:36  Drone  
  86  10:40  Hydralisk x2  
  86  10:41  Hydralisk  
  93  11:09  Drone x3  
  93  11:10  Drone x3  
  99  11:17  Hydralisk x2  
  99  11:18  Hydralisk x4  
  111  11:46  Hydralisk  
  111  11:47  Hydralisk x5  
  111  11:48  Hydralisk x5  
  111  11:51  Overlord  
  132  12:14  Overlord  
  132  12:15  Overlord x4  
  132  12:18  Overseer  
  129  12:24  Hydralisk x2  
  129  12:25  Hydralisk x5  
  136  13:07  Mutalisk  
  136  13:08  Corruptor, Mutalisk x2  
  136  13:09  Corruptor  
  142  13:41  Mutalisk x4  
  142  13:44  Zergling x6  
  142  13:45  Zergling x10  
  145  14:12  Drone x2  
  147  14:17  Spore Crawler  
  147  14:21  Spore Crawler  
  139  14:37  Drone x2  
  141  14:40  Spore Crawler  
  140  14:51  Drone x4  
  140  14:52  Drone x6  
  150  14:53  Drone  
  151  15:04  Hydralisk x4  
  158  15:22  Hatchery  
  158  15:24  Extractor  
  156  15:29  Extractor, Hydralisk x3  
  156  15:30  Hydralisk x5  
  156  15:34  Lurker  
  172  15:39  Hydralisk x3  
  172  15:40  Hydralisk  
  180  16:28  Drone x2  
  180  16:29  Mutalisk, Drone x4  
  180  16:30  Hydralisk x2  
  180  16:31  Hydralisk x3  
  198  16:40  Evolution Chamber  
  198  16:41  Zerg Flyer Weapons Level 1  
  197  17:01  Hydralisk  
  199  17:09  Ultralisk Cavern  
  198  17:20  Drone  
  198  17:21  Drone  
  200  17:33  Evolution Chamber  
  200  17:34  Evolution Chamber  
  173  18:20  Hydralisk x4  
  173  18:21  Hydralisk x2  
  179  18:31  Hydralisk  
  179  18:32  Hydralisk x5  
  187  18:35  Zerg Flyer Armor Level 1  
  187  18:48  Ultralisk x2  
  199  18:54  Zerg Melee Weapons Level 1  
  199  18:57  Zerg Ground Armor Level 1  
  106  19:42  Corruptor x2  
  106  19:43  Corruptor x5  
  106  19:44  Corruptor x5  
  112  19:52  Corruptor x3  
  110  20:01  Corruptor x3  
  110  20:02  Corruptor  
  118  20:12  Corruptor x2  
  118  20:13  Corruptor x3  
  128  20:31  Hatchery  
  119  20:36  Corruptor  
  119  20:37  Corruptor x5  
  70  21:43  Spore Crawler  
  70  21:44  Spore Crawler x5  
  70  21:45  Spore Crawler x2  
  70  21:46  Spore Crawler x2  
  59  21:47  Spore Crawler x3  
  59  21:48  Spore Crawler x4  
  59  21:50  Spore Crawler  
Show
View Real Time Build Order
Export as new Build Order

Jhyrachy Zerg 

Build Orders: Pool First 

Get SALT Encoding   

  12  0:01  Drone  
  13  0:10  Drone  
  14  0:24  Overlord  
  14  0:43  Drone x3  
  14  0:49  Extractor  
  16  0:52  Spawning Pool  
  16  0:55  Drone  
  16  1:05  Drone  
  17  1:17  Drone  
  18  1:29  Drone  
  19  1:38  Overlord  
  19  1:40  Queen  
  21  1:52  Drone  
  22  2:05  Hatchery  
  22  2:06  Zergling x2  
  22  2:07  Metabolic Boost  
  22  2:15  Evolution Chamber  
  22  2:22  Drone  
  22  2:23  Zergling x2  
  23  2:30  Baneling Nest  
  23  2:32  Zergling x2  
  23  2:40  Queen  
  25  2:55  Zergling x2  
  25  2:56  Zergling x6  
  29  3:09  Zerg Melee Weapons Level 1  
  29  3:27  Drone x3  
  30  3:29  Zergling x6  
  30  3:30  Overlord  
  35  3:47  Drone  
  36  3:49  Drone  
  36  3:50  Zergling x2  
  38  3:56  Drone x2  
  38  3:57  Zergling x6  
  41  4:33  Zergling x4  
  41  4:34  Zergling x2  
  41  4:37  Overlord  
  41  4:38  Overlord  
  44  4:39  Pneumatized Carapace  
  44  4:55  Overlord  
  44  4:56  Overlord  
  44  4:58  Drone x2  
  46  5:01  Zergling x4  
  46  5:02  Zergling x2  
  49  5:11  Burrow  
  49  5:18  Baneling x3  
  49  5:26  Baneling  
  49  5:32  Drone  
  50  5:43  Extractor  
  50  5:44  Drone  
  50  5:46  Drone x3  
  50  5:47  Overlord  
  50  5:48  Zergling x4  
  55  6:15  Lair  
  55  6:24  Hatchery  
  55  6:25  Extractor  
  52  7:07  Extractor, Drone x3  
  54  7:09  Drone x5  
  54  7:10  Drone x2  
  54  7:13  Drone x6  
  54  7:14  Drone  
  68  7:21  Spire  
  67  7:29  Spore Crawler  
  66  7:37  Spore Crawler  
  65  7:48  Queen  
  67  7:51  Extractor  
  67  7:52  Extractor  
  67  7:55  Drone x2  
  67  7:56  Drone  
  67  7:57  Drone x3  
  67  7:58  Drone x5  
  74  7:59  Drone x3  
  79  8:21  Spore Crawler  
  79  8:24  Spore Crawler  
  77  8:31  Spore Crawler  
  76  8:37  Spore Crawler  
  76  8:39  Spore Crawler  
  74  8:44  Spore Crawler  
  74  8:47  Overlord x3  
  73  8:50  Spore Crawler  
  73  8:55  Mutalisk x9  
  90  9:07  Mutalisk x7  
  104  9:32  Zerg Flyer Weapons Level 1  
  104  10:07  Mutalisk  
  104  10:08  Mutalisk x4  
  104  10:11  Overlord x2  
  104  10:12  Overlord  
  114  10:17  Overseer  
  114  10:22  Overseer  
  114  10:51  Mutalisk  
  114  10:52  Mutalisk x9  
  134  11:18  Infestation Pit  
  133  11:24  Overlord x2  
  133  11:25  Overlord  
  133  11:32  Zerg Flyer Weapons Level 2  
  133  11:41  Baneling x3  
  133  11:42  Baneling x4  
  133  11:43  Baneling  
  133  11:47  Overseer  
  133  11:50  Mutalisk x4  
  141  12:21  Mutalisk x2  
  141  12:22  Mutalisk x3  
  151  12:25  Overlord x3  
  151  12:26  Overlord  
  151  12:36  Hive  
  151  12:48  Mutalisk x3  
  157  12:55  Overlord x2  
  157  12:56  Overlord x3  
  157  12:57  Zerg Melee Weapons Level 2  
  136  13:50  Mutalisk x9  
  154  13:56  Spore Crawler  
  151  14:40  Zerg Flyer Weapons Level 3  
  81  15:45  Extractor  
  81  15:47  Extractor  
  74  16:37  Corruptor x8, Hatchery  
  74  16:38  Corruptor x12  
  113  17:02  Adrenal Glands  
  113  17:03  Hatchery  
  107  17:18  Zerg Flyer Armor Level 1  
  97  17:46  Spore Crawler  
  94  18:11  Spore Crawler  
  93  18:13  Spore Crawler  
  92  18:20  Queen  
  94  18:46  Zerg Melee Weapons Level 3  
  94  19:28  Zerg Flyer Armor Level 2  
  52  20:11  Spore Crawler  
  52  20:13  Spore Crawler  
  50  20:16  Spore Crawler  
  49  20:24  Mutalisk  
  49  20:25  Mutalisk x13  
  49  20:26  Mutalisk x4  
  85  20:37  Spore Crawler  
  85  20:38  Spore Crawler x2  
  85  20:40  Spore Crawler x2  
  85  20:41  Spore Crawler  
  79  20:45  Spore Crawler x2  
  79  20:46  Spore Crawler  
  79  20:48  Spore Crawler  
  75  21:11  Spore Crawler  
  75  21:12  Spore Crawler x2  
  44  21:55  Spore Crawler  
  44  21:57  Spore Crawler  
  44  22:00  Spore Crawler  
  41  22:03  Spore Crawler x3  
  29  22:27  Spore Crawler  
  29  22:29  Spore Crawler  
  27  22:31  Spore Crawler  
  27  22:34  Spore Crawler  
  27  22:36  Spore Crawler  
  24  22:49  Spore Crawler  
  19  23:29  Drone x4  
  19  23:30  Drone x3  
  19  23:31  Drone  
  19  23:34  Viper x5  
  42  23:57  Spore Crawler x2  
  42  24:00  Spore Crawler  
  42  24:01  Spore Crawler x2  
  37  24:03  Spore Crawler  
  36  24:11  Spore Crawler  
Show
View Real Time Build Order
Export as new Build Order

Matej Protoss 

Build Orders: Cannon Rush 

Get SALT Encoding   

  12  0:02  Probe (Chrono Boost)  
  13  0:13  Probe (Chrono Boost)  
  14  0:23  Probe (Chrono Boost)  
  15  0:30  Pylon  
  15  0:50  Forge  
  15  0:53  Gateway  
  15  1:00  Pylon  
  15  1:03  Probe (Chrono Boost)  
  16  1:13  Probe (Chrono Boost)  
  17  1:25  Photon Cannon  
  17  1:29  Photon Cannon  
  17  1:34  Probe (Chrono Boost)  
  18  1:40  Assimilator  
  18  1:46  Photon Cannon  
  18  1:57  Photon Cannon  
  18  2:08  Photon Cannon  
  18  2:21  Photon Cannon  
  18  2:41  Nexus  
  18  2:50  Probe (Chrono Boost)  
  19  2:53  Assimilator  
  19  3:00  Probe (Chrono Boost)  
  19  3:01  Pylon  
  20  3:23  Pylon  
  20  3:25  Pylon  
  20  3:29  Probe (Chrono Boost)  
  21  3:38  Cybernetics Core  
  21  3:40  Probe (Chrono Boost)  
  22  4:16  Photon Cannon  
  22  4:18  Photon Cannon  
  22  4:20  Photon Cannon  
  22  4:22  Photon Cannon  
  22  4:34  Photon Cannon  
  22  4:47  Photon Cannon  
  22  5:01  Probe (Chrono Boost)  
  23  5:08  Stargate  
  23  5:10  Probe (Chrono Boost)  
  23  5:12  Probe (Chrono Boost)  
  25  5:20  Probe (Chrono Boost)  
  26  5:22  Probe (Chrono Boost)  
  27  5:33  Probe (Chrono Boost)  
  27  5:34  Assimilator  
  28  5:43  Probe (Chrono Boost)  
  29  5:55  Fleet Beacon  
  29  5:58  Stargate  
  29  6:02  Probe (Chrono Boost)  
  30  6:06  Probe (Chrono Boost)  
  31  6:13  Probe (Chrono Boost)  
  31  6:17  Probe (Chrono Boost)  
  33  6:23  Probe (Chrono Boost)  
  34  6:27  Probe (Chrono Boost)  
  34  6:28  Assimilator  
  35  6:34  Probe (Chrono Boost)  
  35  6:36  Probe (Chrono Boost)  
  37  6:41  Carrier (Chrono Boost)  
  43  6:47  Probe  
  43  6:49  Carrier (Chrono Boost)  
  50  7:00  Stargate  
  50  7:04  Probe  
  51  7:16  Probe  
  52  7:28  Probe  
  53  7:40  Probe  
  54  7:44  Nexus  
  54  7:47  Assimilator  
  54  7:49  Assimilator  
  60  7:51  Pylon  
  60  7:52  Probe  
  65  7:58  Carrier (Chrono Boost)  
  65  8:03  Carrier (Chrono Boost)  
  67  8:21  Phoenix (Chrono Boost)  
  63  8:43  Phoenix (Chrono Boost)  
  57  9:05  Phoenix (Chrono Boost), Mothership Core  
  61  9:15  Phoenix (Chrono Boost)  
  65  9:17  Phoenix (Chrono Boost)  
  65  9:26  Phoenix (Chrono Boost)  
  69  9:40  Phoenix (Chrono Boost)  
  69  9:47  Photon Cannon  
  69  9:48  Photon Cannon  
  69  9:49  Photon Cannon  
  69  9:50  Photon Cannon  
  69  9:51  Probe  
  69  9:55  Photon Cannon  
  69  9:56  Photon Cannon  
  69  9:59  Pylon  
  70  10:01  Carrier (Chrono Boost)  
  70  10:02  Probe, Carrier (Chrono Boost)  
  83  10:12  Probe  
  84  10:31  Carrier (Chrono Boost)  
  84  10:33  Protoss Air Weapons Level 1  
  90  10:49  Pylon  
  90  10:50  Pylon  
  90  10:53  Pylon  
  90  10:56  Pylon  
  90  11:08  Pylon  
  90  11:17  Carrier (Chrono Boost)  
  102  11:19  Carrier (Chrono Boost)  
  102  11:35  Photon Cannon  
  102  11:36  Photon Cannon  
  102  11:58  Carrier (Chrono Boost)  
  108  12:11  Stargate  
  108  12:27  Protoss Air Armor Level 1  
  108  12:50  Tempest x2 (Chrono Boost)  
  116  13:12  Tempest x2 (Chrono Boost)  
  124  13:58  Carrier x2 (Chrono Boost)  
  136  15:20  Carrier (Chrono Boost)  
  136  15:36  Carrier (Chrono Boost)  
  136  15:37  Carrier x2 (Chrono Boost)  
  84  16:08  Protoss Air Weapons Level 2  
  84  16:45  Carrier (Chrono Boost)  
  90  16:51  Carrier (Chrono Boost)  
  90  16:53  Pylon  
  96  16:57  Carrier (Chrono Boost), Pylon  
  108  17:08  Carrier (Chrono Boost)  
  108  17:28  Stargate  
  108  17:30  Stargate  
  108  17:31  Stargate  
  138  18:20  Carrier x3 (Chrono Boost)  
  138  18:25  Pylon  
  138  18:26  Pylon  
  144  18:31  Carrier (Chrono Boost)  
  144  18:32  Carrier (Chrono Boost)  
  144  18:33  Carrier (Chrono Boost)  
  150  18:55  Carrier (Chrono Boost)  
  150  18:57  Protoss Air Armor Level 2  
  149  19:42  Carrier (Chrono Boost)  
  82  23:32  Tempest x2 (Chrono Boost)  
  94  23:37  Tempest (Chrono Boost)  
Tags
 
Add a new tag
Caveats
  • Supply blocks, unpowered buildings, or Contaminate may cause inaccurate times.
  • Supply counts are checked every 10 seconds.